Map: 2000 Atmospheres LE

Players

PiLiPiLi - Winner!

  • Race: Protoss Protoss
  • League: Grandmaster

Future

  • Race: Terran Terran

Event: DreamHack SC2 Masters 2021 Summer

VOD

Have the link to the VOD?

Description

Time

  • Played on: May 27, 2021, 3:58 p.m.
  • Length: 17:05

All games in this series

Show
View Real Time Build Order
Export as new Build Order

PiLiPiLi Protoss - Winner!

Build Orders: Blink Stalkers, Colossus Rush 

Get SALT Encoding   

  12  0:00  Probe  
  13  0:12  Probe  
  14  0:16  Pylon  
  14  0:24  Probe (Chrono Boost)  
  15  0:36  Gateway  
  15  0:37  Probe (Chrono Boost)  
  16  0:44  Probe (Chrono Boost)  
  16  0:46  Assimilator  
  17  0:51  Probe  
  18  1:03  Probe  
  19  1:15  Probe  
  20  1:21  Zealot (Chrono Boost)  
  22  1:25  Cybernetics Core  
  22  1:28  Probe  
  22  1:30  Assimilator  
  22  1:40  Probe, Pylon  
  23  1:57  Probe  
  24  2:01  Stalker  
  24  2:02  Warp Gate  
  26  2:10  Probe  
  27  2:22  Probe  
  28  2:24  Nexus  
  28  2:29  Twilight Council  
  28  2:34  Probe  
  29  2:44  Pylon  
  29  2:46  Probe  
  30  2:58  Probe  
  31  3:02  Blink (Chrono Boost), Stalker  
  33  3:10  Probe  
  34  3:18  Robotics Facility  
  34  3:22  Probe  
  35  3:31  Gateway  
  35  3:33  Shield Battery  
  35  3:37  Probe  
  35  3:38  Probe  
  37  3:49  Probe  
  37  3:50  Probe, Gateway  
  39  3:57  Stalker  
  39  4:01  Probe  
  39  4:02  Probe  
  43  4:05  Observer (Chrono Boost)  
  44  4:10  Pylon  
  44  4:13  Probe  
  44  4:14  Probe  
  44  4:15  Assimilator  
  46  4:17  Assimilator  
  46  4:18  Observer (Chrono Boost)  
  46  4:22  Stalker  
  49  4:25  Probe  
  49  4:26  Stalker  
  49  4:28  Probe  
  53  4:36  Pylon  
  53  4:37  Probe  
  54  4:41  Probe  
  54  4:44  Observer, Stalker  
  58  4:45  Stalker  
  58  4:47  Observer  
  58  4:49  Observer  
  58  4:51  Probe  
  61  5:02  Probe  
  61  5:06  Probe  
  61  5:07  Robotics Bay  
  63  5:14  Observer, Probe  
  63  5:18  Probe  
  65  5:26  Probe  
  65  5:27  Observer, Nexus  
  66  5:28  Sentry x2  
  66  5:29  Pylon  
  70  5:47  Probe x2  
  72  5:51  Colossus (Chrono Boost)  
  72  5:54  Shield Battery  
  72  5:55  Forge  
  78  6:14  Pylon  
  78  6:18  Gateway x2  
  78  6:20  Gateway, Pylon  
  78  6:28  Pylon  
  78  6:32  Probe x2  
  80  6:35  Colossus (Chrono Boost)  
  86  6:42  Extended Thermal Lance  
  86  6:44  Probe x2  
  86  6:45  Stalker x2  
  86  6:46  Stalker  
  94  6:47  Probe  
  94  6:50  Protoss Ground Weapons Level 1  
  95  6:56  Probe x2  
  95  6:59  Probe  
  97  7:09  Probe x2  
  97  7:11  Probe  
  97  7:15  Zealot x6  
  101  7:19  Zealot x2  
  100  7:25  Colossus (Chrono Boost)  
  86  7:35  Stalker x3  
  79  7:37  Photon Cannon  
  79  7:41  Observer, Probe  
  79  7:43  Probe  
  79  7:45  Pylon  
  79  7:46  Probe  
  79  7:48  Stalker x2  
  79  7:50  Pylon  
  84  7:53  Probe  
  84  7:56  Probe  
  86  7:59  Stalker x3  
  86  8:01  Probe  
  92  8:08  Zealot  
  92  8:09  Charge (Chrono Boost)  
  92  8:12  Probe x2  
  96  8:13  Probe  
  96  8:15  Colossus (Chrono Boost)  
  96  8:19  Zealot  
  105  8:20  Zealot  
  105  8:26  Shield Battery  
  107  8:28  Photon Cannon  
  107  8:35  Templar Archives  
  107  8:40  Zealot x2  
  107  8:41  Zealot x4  
  119  8:47  Protoss Ground Weapons Level 2 (Chrono Boost)  
  119  8:48  Gateway  
  119  8:49  Gateway  
  119  8:51  Gateway  
  119  8:53  Observer, Colossus (Chrono Boost)  
  119  9:05  Nexus  
  119  9:09  Pylon  
  119  9:11  Pylon  
  119  9:16  Disruptor (Chrono Boost)  
  119  9:23  Pylon  
  122  9:27  Zealot x2  
  122  9:28  Zealot x2  
  130  9:38  Observer  
  130  9:43  Shield Battery  
  130  9:44  Stalker x2  
  130  9:45  Stalker x2  
  127  9:50  Stalker x2  
  127  9:51  Zealot  
  127  9:52  Zealot  
  111  9:57  Colossus (Chrono Boost)  
  111  10:02  Probe x3  
  120  10:11  Zealot x2  
  124  10:14  Probe  
  106  10:22  Zealot  
  106  10:26  Zealot  
  106  10:27  Zealot x2  
  104  10:29  Zealot x3  
  104  10:32  Zealot x2  
  84  10:43  Zealot  
  84  10:48  Zealot  
  73  10:50  Zealot  
  73  10:51  Zealot x4  
  81  10:57  Probe  
  81  10:58  Colossus (Chrono Boost)  
  81  10:59  Shield Battery  
  81  11:02  Photon Cannon  
  88  11:04  Observer, High Templar x2  
  88  11:05  Zealot  
  88  11:09  Archon  
  92  11:13  Zealot x3  
  92  11:14  High Templar  
  92  11:15  Protoss Ground Armor Level 1 (Chrono Boost)  
  92  11:17  High Templar  
  96  11:19  Probe x2  
  96  11:23  Archon  
  96  11:24  Probe  
  99  11:27  High Templar x2  
  99  11:30  Pylon  
  99  11:31  Archon  
  103  11:35  Zealot x3  
  103  11:38  Pylon, Shield Battery  
  109  11:42  Colossus (Chrono Boost)  
  109  11:46  Assimilator  
  115  11:48  Zealot  
  115  11:49  Zealot x2  
  121  12:07  Zealot x6  
  123  12:25  Gateway, Colossus (Chrono Boost)  
  123  12:26  Observer  
  123  12:28  Gateway  
  123  12:30  Stalker x5  
  123  12:31  Stalker  
  123  12:32  Observer  
  141  12:49  Zealot x3  
  146  13:04  Protoss Ground Armor Level 2 (Chrono Boost)  
  142  13:08  Zealot x4  
  142  13:09  Zealot x2  
  139  13:13  Observer (Chrono Boost)  
  139  13:27  Observer (Chrono Boost)  
  139  13:30  High Templar x2, Nexus  
  139  13:31  Zealot x9  
  139  13:33  Pylon  
  162  13:35  Probe  
  162  13:36  Probe x3, Pylon  
  162  13:38  Archon  
  166  13:45  Pylon  
  166  13:51  Probe x2  
  166  13:52  Probe  
  167  13:55  Stalker  
  167  13:56  Stalker x2  
  167  13:57  Stalker x3  
  178  14:03  Stalker  
  178  14:04  Warp Prism (Chrono Boost), Pylon  
  182  14:10  Robotics Facility  
  182  14:30  Shield Battery  
  157  14:39  High Templar x4  
  157  14:40  Zealot x6  
  157  14:44  Photon Cannon, Archon x2  
  175  14:46  Photon Cannon  
  175  14:49  Disruptor (Chrono Boost)  
  178  14:56  Zealot  
  178  15:17  Pylon  
  178  15:19  Pylon  
  178  15:21  Pylon  
  178  15:23  Pylon  
  178  15:25  Pylon  
  178  15:27  Pylon  
  178  15:33  Pylon  
  178  15:35  Disruptor x2  
  172  15:39  Zealot x6  
  170  15:45  Stalker  
  170  15:46  Stalker x2  
  172  15:54  Stalker x2  
  176  16:03  Nexus  
  174  16:07  Photon Cannon, Zealot x6  
  174  16:10  Colossus  
  186  16:11  Observer  
  173  16:40  Zealot  
  173  16:41  Zealot x10  
  173  16:45  Pylon  
Show
View Real Time Build Order
Export as new Build Order

Future Terran 

Build Orders:  

Get SALT Encoding   

  12  0:00  SCV  
  13  0:12  SCV  
  14  0:17  Supply Depot  
  14  0:24  SCV  
  15  0:39  SCV  
  15  0:40  Barracks  
  16  0:51  SCV  
  16  0:55  Engineering Bay  
  17  1:03  SCV  
  18  1:05  Refinery  
  18  1:15  SCV  
  19  1:27  Orbital Command, Marine  
  20  1:53  Barracks Reactor  
  20  1:56  Command Center  
  20  1:59  SCV  
  21  2:08  Supply Depot  
  21  2:11  SCV  
  22  2:21  Bunker  
  22  2:23  SCV  
  22  2:27  Refinery  
  23  2:30  Marine x2  
  23  2:35  SCV  
  26  2:43  Factory  
  26  2:47  SCV  
  26  2:48  Marine x2  
  29  2:59  SCV  
  30  3:08  Orbital Command  
  30  3:10  Marine  
  30  3:11  SCV, Marine  
  32  3:23  SCV  
  33  3:27  Starport  
  33  3:28  Hellion, Barracks  
  33  3:29  Marine x2  
  37  3:35  SCV  
  37  3:37  SCV  
  39  3:46  Supply Depot  
  39  3:47  SCV, Marine x2  
  42  3:49  SCV  
  42  3:50  Factory Tech Lab  
  43  4:00  SCV  
  43  4:01  SCV  
  45  4:06  Barracks, Marine  
  45  4:07  Marine  
  45  4:08  Supply Depot  
  47  4:12  SCV  
  47  4:13  SCV  
  49  4:18  Factory Tech Lab  
  49  4:19  Raven  
  49  4:24  SCV  
  52  4:25  Marine  
  52  4:26  SCV  
  52  4:29  Marine  
  55  4:32  Supply Depot  
  55  4:34  Refinery  
  55  4:36  SCV  
  55  4:38  SCV  
  57  4:43  Marine  
  57  4:44  Supply Depot  
  58  4:47  Marine, Stimpack  
  58  4:50  Marine  
  58  4:51  SCV  
  58  4:52  SCV  
  62  4:54  Supply Depot  
  62  5:03  SCV  
  62  5:04  SCV, Factory Reactor  
  64  5:09  Marine x2  
  64  5:10  Marauder x2, Combat Shield  
  70  5:16  SCV x2  
  70  5:19  Refinery  
  72  5:28  SCV x2, Supply Depot  
  73  5:29  Supply Depot  
  73  5:31  Marauder, Marine  
  73  5:32  Marine  
  79  5:35  Marauder  
  79  5:50  Factory Reactor, Medivac x2  
  79  5:55  Marauder, Marine x2  
  87  5:57  Marauder  
  87  6:03  Supply Depot  
  87  6:06  Supply Depot  
  87  6:14  Marine x2, Command Center  
  87  6:16  Marauder  
  93  6:18  Marauder  
  93  6:22  Medivac x2  
  97  6:30  Supply Depot  
  97  6:33  Widow Mine x2  
  97  6:38  Marauder  
  97  6:39  Marauder  
  105  6:40  Marine x2  
  107  6:51  SCV x2  
  107  6:53  Barracks, Engineering Bay  
  109  6:55  Barracks, Medivac x2  
  113  7:03  SCV x2  
  113  7:04  Marauder  
  113  7:07  Marine x2  
  118  7:16  SCV  
  108  7:24  SCV  
  108  7:27  Marauder x2  
  108  7:28  SCV  
  100  7:30  Orbital Command  
  100  7:36  SCV  
  93  7:40  SCV  
  93  7:41  Viking x2  
  95  7:45  Terran Infantry Weapons Level 1  
  95  7:46  Barracks Reactor, Barracks Tech Lab  
  98  7:51  Marauder x2  
  98  7:52  Marine x2  
  105  7:58  Widow Mine x2  
  105  8:03  Ghost Academy  
  105  8:09  Marauder  
  105  8:10  Marine x2  
  105  8:11  Viking x2  
  113  8:16  Supply Depot  
  113  8:17  Supply Depot  
  112  8:22  SCV x3  
  112  8:24  Marine  
  112  8:25  Marine  
  112  8:26  Bunker  
  117  8:33  Ghost  
  117  8:34  Marine x2, Ghost x2  
  117  8:40  Supply Depot x2  
  125  8:42  Marine x2, Viking  
  125  8:46  Viking  
  131  8:54  Supply Depot x2  
  131  8:55  Missile Turret  
  131  8:59  Marine x2  
  133  9:03  Marauder x2  
  133  9:04  Missile Turret  
  133  9:05  Marauder, Marine  
  133  9:07  Marine  
  141  9:14  Missile Turret, Medivac  
  141  9:16  Medivac  
  145  9:20  Refinery  
  145  9:21  Refinery  
  145  9:32  Marauder x2  
  145  9:34  Marauder, Command Center  
  133  9:46  Widow Mine x2  
  133  9:50  Marine x2  
  133  9:52  Marine x2  
  136  9:53  Marauder  
  136  9:54  Marauder, Concussive Shells, Enhanced Shockwaves  
  136  9:58  Terran Infantry Armor Level 1  
  141  10:08  Marauder, Marine  
  141  10:10  SCV x3  
  145  10:16  Marauder x2, Marine x3  
  139  10:26  Marine  
  129  10:29  Marauder  
  129  10:33  Marine  
  129  10:34  Marine  
  129  10:35  Widow Mine x2  
  125  10:37  Marauder  
  125  10:40  Medivac x2  
  125  10:42  Marauder  
  119  10:51  Marauder  
  119  10:56  Barracks  
  113  10:58  Barracks, Marauder  
  113  10:59  Barracks  
  113  11:00  Widow Mine  
  113  11:01  Widow Mine  
  114  11:06  SCV x2  
  114  11:07  SCV  
  114  11:10  Viking x2  
  119  11:11  Armory  
  114  11:18  Marine x2  
  114  11:19  Marine x2  
  114  11:20  Marine  
  114  11:22  Widow Mine x2  
  123  11:34  Sensor Tower  
  123  11:38  Sensor Tower  
  123  11:39  SCV x2, Planetary Fortress, Missile Turret  
  125  11:40  SCV  
  126  11:47  Widow Mine x2  
  126  11:48  Barracks Tech Lab x3  
  126  11:51  SCV x2  
  126  11:52  SCV  
  133  11:56  Marine x4  
  133  11:57  Ghost x2  
  133  11:59  Ghost  
  141  12:16  Refinery, Ghost x3  
  141  12:17  Refinery, Marine x3  
  141  12:18  Command Center  
  150  12:22  Viking  
  150  12:23  Viking  
  150  12:27  Engineering Bay  
  154  12:30  SCV x3  
  157  12:39  Terran Infantry Weapons Level 2  
  157  12:40  Marauder x3, Marine  
  157  12:42  Marine  
  157  12:43  Marine  
  165  12:44  Marine  
  165  12:45  Marauder x2  
  165  12:47  Terran Ship Weapons Level 1  
  165  12:50  Marauder  
  172  12:58  Marine  
  170  12:59  SCV x2  
  170  13:00  Marine  
  170  13:01  Marauder x2, Marine  
  170  13:02  Marauder, Marine  
  179  13:12  Marauder x2  
  156  13:13  Marauder  
  156  13:14  Widow Mine  
  156  13:15  Widow Mine  
  156  13:16  Marine, Viking  
  156  13:18  Marine  
  156  13:19  Marine  
  165  13:20  Viking  
  165  13:23  Marauder  
  165  13:24  Terran Infantry Armor Level 2  
  169  13:27  Marauder  
  171  13:39  Marauder x3  
  171  13:40  Marine  
  171  13:41  Marine x3  
  171  13:50  Viking x2  
  171  13:52  Marauder x3  
  179  13:58  Marine x2  
  179  14:00  Widow Mine x2, Marauder  
  187  14:08  Marauder x2  
  187  14:09  Marine  
  189  14:10  Marine  
  189  14:13  Marauder, Marine  
  189  14:14  Marauder  
  189  14:16  Marine  
  196  14:21  Marine  
  196  14:22  Marauder  
  199  14:27  Marine  
  199  14:29  Marauder  
  198  14:31  Viking  
  198  14:38  Viking  
  180  14:39  Widow Mine x2  
  180  14:45  Marauder x3  
  190  14:48  Marauder  
  190  14:49  Marauder  
  194  14:54  Marine x3  
  197  15:04  Marine  
  200  15:07  Viking  
  200  15:18  Planetary Fortress  
  200  15:23  Command Center  
  188  15:39  Marauder  
  188  15:40  Marauder  
  188  15:42  Marauder x2  
  133  15:44  Marauder x2  
  133  15:46  Marine x2  
  133  15:48  Marine  
  127  15:50  Widow Mine x2  
  127  15:51  Viking  
  127  15:52  Viking  
  127  15:55  SCV x2  
  133  16:01  Marauder x2  
  133  16:03  Marauder x2  
  139  16:11  Widow Mine  
  139  16:12  Widow Mine  
  139  16:13  Marauder  
  139  16:14  Marauder, Marine x2  
  139  16:15  Marine  
  147  16:22  Marauder, Medivac x2  
  147  16:23  Marauder  
  147  16:25  Marauder x2, Marine  
  149  16:32  Marine  
  143  16:33  Widow Mine  
  143  16:34  Marauder  
  143  16:35  Marauder  
  143  16:36  Marine  
  131  16:42  Widow Mine  
  131  16:44  Marauder  
Tags
 
Add a new tag
Caveats
  • Supply blocks, unpowered buildings, or Contaminate may cause inaccurate times.
  • Supply counts are checked every 10 seconds.